 Dungeon Crawl Stone Soup version 0.27.1-15-g792fb953b9 (webtiles) character file.

Game seed: 5956822888452702699

4 zeram the Sneak (level 1, 0/14 HPs)
             Began as an Octopode Brigand on Nov 19, 2021.
             Slain by a rat (1 damage)
             ... on level 1 of the Dungeon.
             The game lasted 00:00:17 (198 turns).

zeram the Sneak (Octopode Brigand)                   Turns: 198, Time: 00:00:17

Health: 0/14       AC:  1    Str: 10    XL:     1   Next: 70%
Magic:  1/1        EV: 12    Int: 13    God:
Gold:   20         SH:  0    Dex: 13    Spells: 0/0 levels left

rFire    . . .     SeeInvis .   a - +2 dagger
rCold    . . .     Faith    .   (no shield)
rNeg     . . .     Spirit   .   (helmet restricted)
rPois    .         Reflect  .   (no amulet)
rElec    .         Harm     .   (no ring)
rCorr    .         Rampage  .   (no ring)
Will     .....                  (no ring)
Stlth    ++++......             (no ring)
HPRegen  0.04/turn              (no ring)
MPRegen  0.07/turn              (no ring)
                                (no ring)
                                (no ring)

@: no status effects
A: almost no armour, amphibious, 8 rings, camouflage 1, gelatinous body 1,
(nimble swimmer 1), tentacles
a: no special abilities


You were on level 1 of the Dungeon.
You visited 1 branch of the dungeon, and saw 1 of its levels.

You collected 20 gold pieces.

Inventory:

Hand Weapons
 a - a +2 dagger (weapon)
Missiles
 b - 8 poisoned darts (quivered)
 c - 2 curare-tipped darts


   Skills:
 + Level 2.0 Fighting
 + Level 2.1 Short Blades
 + Level 2.0 Throwing
 + Level 1.0 Dodging
 + Level 5.6 Stealth


You couldn't memorise any spells.
You didn't know any spells.
Your spell library was empty.

Dungeon Overview and Level Annotations

Branches:
Dungeon (1/15)

Altars:


Innate Abilities, Weirdness & Mutations

You cannot wear most types of armour.
You are amphibious.
You can wear up to eight rings at the same time.
Your skin changes colour to match your surroundings (Stealth+).
Your rubbery body absorbs attacks. (AC +1, EV +1)
((You are camouflaged near water. (Stealth+)))
You have tentacles for arms and can constrict up to eight enemies at once.


Message History

An endoplasm comes into view.
The endoplasm quivers.
An endoplasm is nearby!
An endoplasm is nearby!
An endoplasm is nearby!
A kobold comes into view. It is wielding a +0 whip.
A goblin comes into view. It is wielding a +0 club.
Found 19 gold pieces.
The endoplasm barely misses you.
You hit the endoplasm.
The endoplasm is moderately wounded.
The endoplasm freezes you.
You are frozen.
You hit the endoplasm.
The endoplasm is almost dead.
The kobold shouts!
The goblin shouts!
You hit the endoplasm.
You kill the endoplasm!
A rat comes into view.
You hit the goblin but do no damage. You grab the goblin.
You constrict the goblin, but do no damage.
The kobold hits you with a +0 whip. The goblin hits you with a +0 club.
* * * LOW HITPOINT WARNING * * *
You are too injured to fight recklessly!
You are too injured to fight recklessly!
You release your grip on the goblin.
You hit the goblin.
You kill the goblin!
The kobold closely misses you.
You barely miss the kobold. You grab the kobold. You constrict the kobold.
The kobold misses you.
You hit the kobold.
You kill the kobold!
The rat bites you.
* * * LOW HITPOINT WARNING * * *
The rat misses you.
You hit the rat. You grab the rat.
The rat is moderately wounded.
You constrict the rat. The rat bites you.
You die...

##.##..## #.# ##..#....## #.#
##.........###.#
##...........##.#
##.....≈≈≈.....#.#
###########.....≈...≈......#
................≈.<.≈......#
.........)).....≈...≈......#
..........##...@.≈≈≈.....#.####
........r.###..r........##....#
..$.......# ##.........######.#
..........# ##..#..#### #.#
..........# ####.#.# #.#
..........# ##### #.#
..........# #.# ..........# #.#
..........# #.#


You could see a rat.

Vanquished Creatures
  An endoplasm (D:1)
  A goblin (D:1)
  A kobold (D:1)
  A ball python (D:1)
4 creatures vanquished.

Notes
Turn   | Place    | Note
-------+----------+-------------------------------------------
     0 | D:1      | zeram the Octopode Brigand began the quest for the Orb.
     0 | D:1      | Reached XP level 1. HP: 14/14 MP: 1/1
   198 | D:1      | Slain by a rat

Illustrated notes

Levels and vault maps discovered:
D:1:      enne_arrival_octagon_isle, layout_basic,
          wander_ebering_terrifying_dragon_lair

Action                   || total
-------------------------++-------
Melee: Dagger            ||     9
       Constrict         ||     3
 Stab: Sleeping          ||     1
Dodge: Dodged            ||     4
